 Dungeon Crawl Stone Soup version 0.18-a0-912-g81d1dc4 (webtiles) character file.

9 Duffy the Magician (level 2, -3/20 HPs)
             Began as a Draconian Wizard on Dec 25, 2015.
             Slain by a gnoll (6 damage)
             ... on level 1 of the Dungeon.
             The game lasted 00:02:16 (1195 turns).

Duffy the Magician (Draconian Wizard)               Turns: 1195, Time: 00:02:17

Health: -3/20      AC:  6    Str:  9    XL:     2   Next: 6%
Magic:  0/6        EV: 12    Int: 18    God:
Gold:   3          SH:  0    Dex:  9    Spells: 1 memorised, 6 levels left

rFire  . . .     SeeInvis .     d - +0 dagger
rCold  . . .     Gourm    .     (armour unavailable)
rNeg   . . .     Faith    .     (no shield)
rPois  .         Spirit   .     a - +0 hat
rElec  .         Dismiss  .     f - +0 cloak
rCorr  .         Reflect  .     g - +0 pair of gloves
SustAt .         Harm     .     (no boots)
MR     .....                    (no amulet)
Stlth  ++........               (no ring)
                                (no ring)

@: very slightly contaminated, not resistant to hostile enchantments, unstealthy
A: unfitting armour, cold-blooded, AC +4
a: no special abilities


You were on level 1 of the Dungeon.
You were not hungry.

You visited 1 branch of the dungeon, and saw 1 of its levels.

You collected 3 gold pieces.


Innate Abilities, Weirdness & Mutations

Your plain brown scales are hard (AC +4).
Your body does not fit into most forms of armour.
You are cold-blooded and may be slowed by cold attacks.


   Skills:
 - Level 1.8 Dodging
 - Level 2.0 Stealth
 + Level 3.0 Spellcasting
 + Level 1.7 Conjurations
   Level 1.0 Summonings
   Level 1.0 Translocations


You had 6 spell levels left.
You knew the following spells:

 Your Spells              Type           Power        Failure   Level  Hunger
a - Magic Dart            Conj           #...         12%         1    None

Inventory:

Hand Weapons
 d - a +0 dagger (weapon)
Armour
 a - a +0 hat (worn)
 f - a +0 cloak (worn)
 g - a +0 pair of gloves (worn)
Scrolls
 e - a scroll of blinking {unknown}
Books
 b - a book of Minor Magic
Comestibles
 c - a bread ration

Dungeon Overview and Level Annotations

Branches:
Dungeon (1/15)

Altars:


Message History

Aiming: Magic Dart
Press: ? - help, Shift-Dir - straight line, f/p - gnoll
Aim: a gnoll (lightly wounded)
The magic dart hits the gnoll.
The gnoll is lightly wounded.
The gnoll hits you but does no damage.
Cast which spell? (? or * to list)
Aiming: Magic Dart
Press: ? - help, Shift-Dir - straight line, f/p - gnoll
Aim: a gnoll (lightly wounded)
The magic dart hits the gnoll.
The gnoll is moderately wounded.
The gnoll hits you.
You hit the gnoll.
You tail-slap the gnoll, but do no damage.
The gnoll is heavily wounded.
The gnoll hits you but does no damage.
You barely miss the gnoll.
The gnoll is heavily wounded.
The gnoll hits you.
You are too injured to fight recklessly!
You are too injured to fight recklessly!
You are too injured to fight recklessly!
You are too injured to fight recklessly!
Cast which spell? (? or * to list)
Aiming: Magic Dart
Press: ? - help, Shift-Dir - straight line, f/p - gnoll
Aim: a gnoll (heavily wounded)
The magic dart hits the gnoll.
The gnoll is heavily wounded.
The gnoll hits you.
You closely miss the gnoll.
The gnoll is heavily wounded.
The gnoll hits you.
You die...

#.######.####.......#...########.
# ######.#.##.....#.#..........#.
# #.........................##.#.
#.#####....#..........}...}.##.#.
.............#.###.....#'#..##g#.
#.#####................#<#..#..#.
#............#.##......###.....#g
... ..................}...}....#.
.######........#@#..........#....
...####.#....###g#...#..######.#.
......................... ...#.
...##.#.#......#.#....### ##..#.
..........#....#.#....# #..#.
##.##.#........#.#....# #..#.
#.##.###......#.#....# .....
#.##.# #.#..#.#.#...... #####
#.##.# #.#.##.#.........


You could see a gnoll.

Action                   || total
-------------------------++-------
Melee: Dagger            ||    24
 Cast: Magic Dart        ||    50
  Eat: Chunk             ||     1

Notes
Turn   | Place    | Note
--------------------------------------------------------------
     0 | D:1      | Duffy the Draconian Wizard began the quest for the Orb.
     0 | D:1      | Reached XP level 1. HP: 14/14 MP: 4/4
   757 | D:1      | Reached skill level 2 in Stealth
   941 | D:1      | Reached XP level 2. HP: 12/20 MP: 6/6
  1195 | D:1      | Slain by a gnoll

Vault maps used:
D:1:      scummos_arrival_simple_fountains

Vanquished Creatures
  2 giant cockroaches
  2 hobgoblins
  A kobold
  A giant newt
  2 goblins
  A rat
9 creatures vanquished.
